 Dungeon Crawl Stone Soup version 0.17.1-3-g152610e (webtiles) character file.

33369 Enish the Eclecticist (level 13, -1/82 HPs)
             Began as a Deep Elf Summoner on Mar 19, 2016.
             Was an Initiate of Gozag.
             Slain by a sun demon (11 damage)
             ... on level 8 of the Lair of Beasts.
             The game lasted 01:48:02 (19381 turns).

Enish the Eclecticist (Deep Elf Summoner)          Turns: 19381, Time: 01:48:03

Health: -1/82      AC: 13    Str:  7    XL:     13   Next: 36%
Magic:  35/36      EV: 20    Int: 33    God:    Gozag
Gold:   1303       SH:  0    Dex: 17    Spells: 7 memorised, 21 levels left

rFire  . . .     SeeInvis +     a - +5 scythe (slice)
rCold  . . .     Clarity  .     Y - +5 robe of vines {NoDeviceHeal Regen+10}
rNeg   . . .     SustAt   .     (shield currently unavailable)
rPois  +         Gourm    .     d - +2 hat
rElec  .         Spirit   .     V - +1 cloak of the Elven Halls {+Inv rPois Int+2 Slay+3}
rCorr  .         Warding  .     o - +0 pair of gloves
rMut   .         Stasis   .     (no boots)
MR     +....                    (no amulet)
Stlth  +++.......               U - ring of see invisible
                                k - +5 ring of intelligence

@: somewhat resistant to hostile enchantments, fairly stealthy
A: horns 1, icy blue scales 1, thin skeletal structure 1, strong 1
a: Potion Petition, Call Merchant, Bribe Branch, Renounce Religion, Evoke
Invisibility


You were on level 8 of the Lair of Beasts.
You worshipped Gozag.
Gozag was noncommittal.
You were not hungry.

You visited 3 branches of the dungeon, and saw 19 of its levels.

You collected 5069 gold pieces.
You spent 1376 gold pieces at shops.
You paid 2390 gold pieces to Gozag.

Inventory:

Hand Weapons
 a - a +5 scythe of slicing (weapon)
 D - a +0 trident of venom
 F - the +5 morningstar "Egunir" {pain, Str+5}
   (You found it on level 7 of the Lair of Beasts)

   In the hands of one skilled in necromantic magic, it inflicts extra damage on
   living creatures.
   It affects your strength (+5).
Missiles
 w - 4 bolts of flame
Armour
 d - a +2 hat (worn)
 m - a +2 cloak
 o - a +0 pair of gloves (worn)
 M - a +2 robe of the Archmagi
 N - a +2 robe of cold resistance
 V - the +1 cloak of the Elven Halls (worn) {+Inv rPois Int+2 Slay+3}
   (You bought it in a shop on level 4 of the Lair of Beasts)

   It affects your intelligence (+2).
   It affects your accuracy and damage with ranged weapons and melee attacks
   (+3).
   It protects you from poison.
   It lets you turn invisible.
 Y - the +5 robe of vines (worn) {NoDeviceHeal Regen+10}
   (You bought it in a shop on level 4 of the Lair of Beasts)

   It increases your rate of regeneration.
Rods
 X - a +0 iron rod (9/9)
   (You found it on level 2 of the Lair of Beasts)
Jewellery
 k - a +5 ring of intelligence (left hand)
 s - an uncursed ring of poison resistance
 t - an uncursed ring of protection from magic
 v - an uncursed ring of flight
 x - an uncursed ring of ice
 J - an uncursed ring of positive energy
 U - a ring of see invisible (right hand)
Wands
 y - a wand of teleportation (4)
 R - a wand of invisibility (2)
 T - a wand of cold (11)
Scrolls
 g - 2 scrolls of amnesia
 j - a scroll of brand weapon
 l - a scroll of remove curse
 n - 11 scrolls of teleportation
 C - 2 scrolls of fear
 G - 5 scrolls of recharging
 H - 2 scrolls of magic mapping
 Z - 2 scrolls of identify
Potions
 e - a potion of cancellation
 f - 3 potions of ambrosia
 h - 2 potions of might
 i - 7 potions of curing
 q - 2 potions of haste
 z - 3 potions of lignification
 A - 3 potions of resistance
 B - 5 potions of agility
 L - a potion of magic {unknown}
 O - 2 potions of flight
 P - 4 potions of heal wounds
Books
 b - a book of Callings

   Spells                             Type                      Level
   a - Summon Small Mammal            Summoning                    1
   b - Call Imp                       Summoning                    2
   c - Call Canine Familiar           Summoning                    3
   d - Summon Guardian Golem          Hexes/Summoning              3
   e - Summon Lightning Spire         Summoning/Air                4
   f - Summon Ice Beast               Ice/Summoning                4
 u - a book of the Sky

   Spells                             Type                      Level
   a - Summon Lightning Spire         Summoning/Air                4
   b - Airstrike                      Air                          4
   c - Silence                        Hexes/Air                    5
   d - Deflect Missiles               Charms/Air                   6
   e - Conjure Ball Lightning         Conjuration/Air              6
   f - Tornado                        Air                          9
 E - a book of Party Tricks

   Spells                             Type                      Level
   a - Summon Butterflies             Summoning                    1
   b - Apportation                    Translocation                1
   c - Tukima's Dance                 Hexes                        3
   d - Alistair's Intoxication        Transmutation/Poison         4
   e - Invisibility                   Hexes                        6
 I - a book of the Warp

   Spells                             Type                      Level
   a - Recall                         Summoning/Translocation      3
   b - Gell's Gravitas                Hexes/Translocation          3
   c - Force Lance                    Conjuration/Translocation    4
   d - Phase Shift                    Translocation                5
   e - Warp Weapon                    Charms/Translocation         5
   f - Summon Forest                  Summoning/Translocation      5
 K - a book of Clouds

   Spells                             Type                      Level
   a - Mephitic Cloud                 Conjuration/Poison/Air       3
   b - Conjure Flame                  Conjuration/Fire             3
   c - Poisonous Cloud                Conjuration/Poison/Air       6
   d - Freezing Cloud                 Conjuration/Ice/Air          6
   e - Ring of Flames                 Charms/Fire                  7
 W - a book of Burglary

   Spells                             Type                      Level
   a - Swiftness                      Charms/Air                   2
   b - Passwall                       Transmutation/Earth          3
   c - Passage of Golubria            Translocation                4
   d - Lee's Rapid Deconstruction     Earth                        5
   e - Darkness                       Hexes                        6
   f - Invisibility                   Hexes                        6
Miscellaneous
 S - a fan of gales
Comestibles
 c - 11 bread rations
 p - 3 slices of pizza
 r - 4 meat rations
 Q - 2 fruits


   Skills:
 - Level 10.0 Fighting
 - Level 10.7 Dodging
 - Level 2.4 Stealth
 * Level 17.1 Spellcasting
 - Level 9.8 Summonings
 - Level 6.0 Translocations
 - Level 6.0 Air Magic


You had 21 spell levels left.
You knew the following spells:

 Your Spells              Type           Power        Failure   Level  Hunger
a - Phase Shift           Tloc           ######....   3%          5    None
c - Summon Forest         Summ/Tloc      ######....   1%          5    None
d - Summon Butterflies    Summ           #######.     1%          1    None
e - Airstrike             Air            ######....   1%          4    None
f - Summon Ice Beast      Ice/Summ       ######..     1%          4    None
x - Summon Guardian Gole  Hex/Summ       ######..     1%          3    None
z - Call Canine Familiar  Summ           #######.     1%          3    None


Dungeon Overview and Level Annotations

Branches:
Dungeon (10/15)            Temple (1/1) D:5            Lair (8/8) D:9
  Swamp (0/4) Lair:6       Spider (0/4) Lair:4        Slime (0/6) Lair:8
    Orc: D:9-12

Altars:
Ashenzari
Cheibriados
Dithmenos
Fedhas
Gozag
Kikubaaqudgha
Makhleb
Nemelex Xobeh
Okawaru
Ru
Trog
Xom
Yredelemnul
The Shining One
Jiyva

Shops:
D:7 [   Lair:2 (   Lair:4 [


Innate Abilities, Weirdness & Mutations

You have a pair of small horns on your head.
You are partially covered in icy blue scales (AC +1).
You have a somewhat thin skeletal structure (Dex +2, Stealth).
Your muscles are strong. (Str +2)


Message History

Unknown command.
Attack whom?
Press: ? - help, Dir - move target cursor, f/p - sun demon
Aim: a sun demon (severely wounded)
You reach to attack!
You closely miss the sun demon.
The sun demon is severely wounded.
Your warg barely misses the sun demon.
The sun demon misses you.
Your warg misses the sun demon.
Attack whom?
Press: ? - help, Dir - move target cursor, f/p - sun demon
Aim: a sun demon (severely wounded)
You closely miss the sun demon.
The sun demon is severely wounded.
The sun demon misses you.
Your warg bites the sun demon but does no damage.
The sun demon hits you!!
* * * LOW HITPOINT WARNING * * *
You are engulfed in flames!
You die...
Your body crumbles into a pile of gold.

###### ♣♣♣♣♣
3h...# ♣♣♣♣♣
♣♣♣....
48...# ♣♣.8@♣
♣♣♣.♣....
848..# ♣..h3♣
♣♣♣........
.8...# ♣...♣♣
♣♣♣..♣♣♣♣...P
8.8..# ♣♣..♣
♣♣..♣♣♣ ♣♣...
.8...#
♣♣.♣♣♣♣..♣♣
♣... 8.8..#
♣..♣♣..♣♣
♣♣.. .....#
♣♣..♣..♣ ♣...
+♣♣♣♣♣
♣♣♣3.♣♣ ♣♣...
♣♣♣.♣♣.♣♣
♣♣.)♣♣ ♣♣....


You could see a sun demon and a friendly warg.

Vanquished Creatures
  Rupert (Lair:6)
  A hydra (Lair:8)
  A death yak (Lair:8)
  An elephant (Lair:8)
  2 black mambas
  A sixfirhy (Lair:8)
  2 fire drakes (Lair:8)
  5 blink frogs
  4 yaks
  A steam dragon (D:9)
  8 hippogriffs
  5 porcupines
  3 water moccasins
  A hell hound (Lair:8)
  A centaur (D:9)
  3 giant frogs (Lair:5)
  2 crocodiles
  A killer bee (D:8)
  A crimson imp (D:7)
  3 hounds
  A worker ant (D:6)
  2 sheep (Lair:3)
  3 hell rats (Lair:3)
  A hound skeleton (D:4)
  A worker ant zombie (D:9)
  9 river rats
  A worm (D:3)
  An adder skeleton (D:5)
  8 orcs
  2 hobgoblins (D:3)
  5 kobolds
  2 quokkas
  2 bats (D:3)
  A giant newt (D:3)
  A quokka skeleton (D:4)
  10 rats
97 creatures vanquished.

Vanquished Creatures (collateral kills)
  Gastronok (Lair:3)
  Maud (Lair:5)
  8 hydras
  10 death yaks
  Nergalle (Lair:2)
  A griffon (Lair:2)
  An oklob plant (Lair:6)
  5 black mambas
  A cyclops (D:9)
  Joseph (D:8)
  9 spiny frogs
  10 elephants (Lair:8)
  A torpor snail (Lair:6)
  7 komodo dragons
  2 fire drakes
  The ghost of Metrazal the Covert, a novice SpAs of Elyvilon (D:7)
  A blue devil (Lair:8)
  Prince Ribbit (D:5)
  A jumping spider (Lair:4)
  A boulder beetle (Lair:8)
  30 blink frogs
  2 redbacks (Lair:4)
  Sigmund (D:2)
  4 hungry ghosts
  A wyvern (Lair:6)
  7 hippogriffs
  28 yaks
  A steam dragon (D:8)
  2 basilisks
  16 wolves
  2 insubstantial wisps (Lair:6)
  16 water moccasins
  11 porcupines
  3 black bears
  2 orc warriors
  The ghost of Asagix the Skirmisher, an amateur MiBe of Trog (D:3)
  A centaur (D:6)
  13 crocodiles
  3 ice beasts
  3 ogres
  A big kobold (D:9)
  11 giant frogs
  A wyvern skeleton (D:9)
  2 scorpions
  6 killer bees
  An electric eel (Lair:6)
  7 crimson imps
  2 hounds
  5 jellies
  2 orc priests
  5 hell rats (Lair:3)
  2 giant frog skeletons
  7 iguanas
  2 centaur skeletons
  2 worker ants
  4 sheep (Lair:3)
  8 orc wizards
  3 worker ant zombies
  50 river rats
  7 adders
  4 gnolls (D:4)
  2 shadow imps
  An ooze (D:3)
  4 worms
  3 adder skeletons
  9 giant geckos
  16 orcs
  5 giant cockroaches
  4 hobgoblins
  9 jackals
  2 quokkas
  2 ball pythons
  10 bats
  4 giant newts
  4 goblins
  A jackal skeleton (D:5)
  9 kobolds
  18 rats
  4 bushes
  52 fungi
  56 plants
558 creatures vanquished.

Vanquished Creatures (others)
  A death yak (Lair:6)
  A river rat (Lair:6)
  32 fungi
  15 plants
  17 snaplasher vines
  3815 snaplasher vine segments
3881 creatures vanquished.

Grand Total: 4536 creatures vanquished

Notes
Turn   | Place    | Note
--------------------------------------------------------------
     0 | D:1      | Enish the Deep Elf Summoner began the quest for the Orb.
     0 | D:1      | Reached XP level 1. HP: 10/10 MP: 6/6
   298 | D:1      | Reached XP level 2. HP: 15/15 MP: 6/8
   350 | D:1      | Reached skill level 5 in Summonings
   536 | D:1      | Learned a level 2 spell: Call Imp
  1776 | D:2      | Reached XP level 3. HP: 19/19 MP: 9/9
  1846 | D:2      | Learned a level 3 spell: Call Canine Familiar
  2329 | D:2      | Noticed Sigmund
  2395 | D:2      | Killed Sigmund
  2395 | D:2      | Reached skill level 6 in Summonings
  2395 | D:2      | Reached XP level 4. HP: 24/24 MP: 3/10
  2847 | D:3      | Learned a level 4 spell: Summon Ice Beast
  2848 | D:3      | Noticed Asagix's ghost (amateur MiBe)
  2868 | D:3      | Killed Asagix's ghost
  2868 | D:3      | Reached skill level 7 in Summonings
  2868 | D:3      | Reached XP level 5. HP: 28/28 MP: 1/11
  3739 | D:4      | Found a sparkling altar of Nemelex Xobeh.
  3954 | D:4      | Reached skill level 8 in Summonings
  4065 | D:4      | Reached XP level 6. HP: 32/32 MP: 8/12
  4325 | D:5      | Entered Level 5 of the Dungeon
  4971 | D:5      | Found a staircase to the Ecumenical Temple.
  4981 | Temple   | Entered the Ecumenical Temple
  5056 | Temple   | Became a worshipper of Gozag Ym Sagoz the Greedy
  5121 | D:5      | Noticed Prince Ribbit
  5141 | D:5      | Killed Prince Ribbit
  5147 | D:5      | Reached skill level 5 in Spellcasting
  5147 | D:5      | Reached XP level 7. HP: 32/36 MP: 4/16
  5534 | D:5      | Found a burning altar of Makhleb.
  6266 | D:6      | Learned a level 1 spell: Summon Butterflies
  6566 | D:6      | Found an ancient bone altar of Kikubaaqudgha.
  6669 | D:6      | Reached XP level 8. HP: 33/41 MP: 22/22
  6788 | D:7      | Noticed Metrazal's ghost (novice SpAs)
  6812 | D:7      | Killed Metrazal's ghost
  6812 | D:7      | Reached skill level 9 in Spellcasting
  6824 | D:7      | Learned a level 4 spell: Airstrike
  7314 | D:7      | Found a snail-covered altar of Cheibriados.
  7329 | D:7      | Learned a level 5 spell: Summon Forest
  7329 | D:7      | Found an iron altar of Okawaru.
  7699 | D:7      | Bought a runed robe for 16 gold pieces
  7699 | D:7      | Bought a glowing robe for 16 gold pieces
  7845 | D:8      | Found a shattered altar of Ashenzari.
  7869 | D:8      | Noticed Joseph
  7879 | D:8      | Killed Joseph
  7879 | D:8      | Reached skill level 10 in Spellcasting
  8210 | D:8      | Reached XP level 9. HP: 34/45 MP: 21/25
  8732 | D:8      | Reached skill level 5 in Dodging
  8787 | D:9      | Noticed a cyclops
  9128 | D:9      | Found a blossoming altar of Fedhas.
  9429 | D:9      | Reached skill level 11 in Spellcasting
  9432 | D:9      | Reached skill level 1 in Air Magic
  9433 | D:9      | Found a bloodstained altar of Trog.
  9541 | D:9      | Killed a cyclops
  9986 | D:9      | Found a staircase to the Lair.
 10008 | D:9      | Found a shadowy altar of Dithmenos.
 10219 | D:9      | Got a heavily runed ring mail
 10220 | D:9      | Identified the +5 ring mail of Ceuz {Stlth+} (You found it on level 9 of the Dungeon)
 10242 | D:10     | Entered Level 10 of the Dungeon
 10344 | Lair:1   | Entered Level 1 of the Lair of Beasts
 10379 | Lair:1   | Noticed a spiny frog
 10389 | Lair:1   | Killed a spiny frog
 10389 | Lair:1   | Reached skill level 5 in Air Magic
 10592 | Lair:1   | Reached skill level 12 in Spellcasting
 10600 | Lair:1   | Learned a level 3 spell: Summon Guardian Golem
 10605 | Lair:1   | Learned a level 3 spell: Call Canine Familiar
 10613 | Lair:1   | Noticed a spiny frog
 10764 | Lair:1   | Noticed an eight-headed hydra
 10774 | Lair:1   | Killed an eight-headed hydra
 10774 | Lair:1   | Reached XP level 10. HP: 50/50 MP: 0/28
 10880 | Lair:1   | Reached skill level 13 in Spellcasting
 11163 | Lair:1   | Noticed a komodo dragon
 11177 | Lair:1   | Killed a komodo dragon
 11414 | Lair:2   | Killed a spiny frog
 11414 | Lair:2   | Reached skill level 14 in Spellcasting
 11465 | Lair:2   | Noticed a griffon
 11473 | Lair:2   | Killed a griffon
 11623 | Lair:2   | Reached skill level 1 in Fighting
 12079 | Lair:2   | Noticed Nergalle
 12088 | Lair:2   | Killed Nergalle
 12194 | Lair:2   | Noticed a black mamba
 12200 | Lair:2   | Killed a black mamba
 12446 | Lair:3   | Noticed an eight-headed hydra
 12459 | Lair:3   | Killed an eight-headed hydra
 12472 | Lair:3   | Reached skill level 5 in Fighting
 12677 | Lair:3   | Reached skill level 1 in Translocations
 12729 | Lair:3   | Gained mutation: You have a pair of small horns on your head. [potion of mutation]
 12729 | Lair:3   | Gained mutation: You are partially covered in icy blue scales (AC +1). [potion of mutation]
 12729 | Lair:3   | Gained mutation: Your muscles are strong. (Str +2) [potion of mutation]
 12730 | Lair:3   | Gained mutation: Your spells are a little easier to cast, but a little less powerful. [potion of mutation]
 12730 | Lair:3   | Gained mutation: You have a somewhat thin skeletal structure (Dex +2, Stealth). [potion of mutation]
 12730 | Lair:3   | Lost mutation: Your spells are a little easier to cast, but a little less powerful. [potion of mutation]
 12830 | Lair:3   | Noticed a seven-headed hydra
 12838 | Lair:3   | Killed a seven-headed hydra
 12838 | Lair:3   | Reached XP level 11. HP: 63/63 MP: 17/31
 12842 | Lair:3   | Noticed Gastronok
 12853 | Lair:3   | Killed Gastronok
 12853 | Lair:3   | Reached skill level 5 in Translocations
 12860 | Lair:3   | Learned a level 5 spell: Phase Shift
 12878 | Lair:3   | Found a sacrificial altar of Ru.
 13104 | Lair:3   | Noticed a black mamba
 13123 | Lair:3   | Killed a black mamba
 14761 | Lair:4   | Bought a heavily runed cloak for 247 gold pieces
 14771 | Lair:4   | Identified the +1 cloak of the Elven Halls {+Inv rPois Int+2 Slay+3} (You bought it in a shop on level 4 of the Lair of Beasts)
 14932 | Lair:4   | Found a hole to the Spider Nest.
 15382 | Lair:5   | Noticed Maud
 15392 | Lair:5   | Killed Maud
 15413 | Lair:5   | Reached skill level 10 in Dodging
 16139 | Lair:6   | Noticed a death yak
 16139 | Lair:6   | Noticed a death yak
 16146 | Lair:6   | Killed a death yak
 16148 | Lair:6   | Killed a death yak
 16148 | Lair:6   | Reached XP level 12. HP: 43/70 MP: 15/32
 16150 | Lair:6   | Noticed a seven-headed hydra
 16155 | Lair:6   | Killed a seven-headed hydra
 16518 | Lair:6   | Noticed Rupert
 16518 | Lair:6   | Paralysed by Rupert for 4 turns
 16545 | Lair:6   | Killed Rupert
 16740 | Lair:6   | Found a staircase to the Swamp.
 17157 | Lair:4   | Bought the +5 robe of vines {NoDeviceHeal Regen+10} for 850 gold pieces
 17351 | Lair:7   | Noticed a five-headed hydra
 17366 | Lair:7   | Killed a five-headed hydra
 17556 | Lair:7   | Got a scorched morningstar
 17557 | Lair:7   | Identified the +5 morningstar "Egunir" {pain, Str+5} (You found it on level 7 of the Lair of Beasts)
 17775 | Lair:8   | Entered Level 8 of the Lair of Beasts
 17796 | Lair:8   | Noticed a four-headed hydra
 17804 | Lair:8   | Killed a four-headed hydra
 17917 | Lair:8   | Reached skill level 10 in Fighting
 18046 | Lair:8   | Noticed a five-headed hydra
 18071 | Lair:8   | Killed a six-headed hydra
 18135 | Lair:8   | Reached skill level 15 in Spellcasting
 18267 | Lair:4   | Bought a distressingly furry shield for 247 gold pieces
 18273 | Lair:4   | Identified the +4 shield of Articulation {Str+3} (You bought it in a shop on level 4 of the Lair of Beasts)
 18438 | Lair:8   | Noticed a six-headed hydra
 18457 | Lair:8   | Killed a seven-headed hydra
 18457 | Lair:8   | Reached XP level 13. HP: 82/82 MP: 23/34
 18760 | Lair:8   | Reached skill level 16 in Spellcasting
 19053 | Lair:8   | Reached skill level 17 in Spellcasting
 19154 | Lair:8   | Found a viscous altar of Jiyva.
 19154 | Lair:8   | Found a staircase to the Slime Pits.
 19381 | Lair:8   | Slain by a sun demon

Action                   |  1- 3 |  4- 6 |  7- 9 | 10-12 | 13-15 || total
-------------------------+-------+-------+-------+-------+-------++-------
Melee: Unarmed           |     8 |       |       |       |       ||     8
       Scythe            |       |    39 |   168 |   192 |    68 ||   467
 Cast: Summon Small Mamm |    30 |       |       |       |       ||    30
       Call Imp          |    22 |       |     1 |       |       ||    23
       Call Canine Famil |     3 |    20 |    44 |    65 |     7 ||   139
       Summon Ice Beast  |       |     4 |    19 |    25 |     8 ||    56
       Summon Forest     |       |       |     6 |    57 |     8 ||    71
       Airstrike         |       |       |     9 |    11 |       ||    20
       Summon Guardian G |       |       |     3 |    47 |     9 ||    59
       Phase Shift       |       |       |       |    10 |       ||    10
       Summon Butterflie |       |       |       |     2 |       ||     2
Invok: Call Merchant     |       |       |     1 |     2 |       ||     3
  Use: Scroll            |     4 |     8 |    11 |    13 |     1 ||    37
       Potion            |       |       |     1 |     2 |       ||     3
 Stab: Sleeping          |       |     3 |       |     5 |     1 ||     9
       Distracted        |       |       |     2 |     7 |     3 ||    12
  Eat: Chunk             |     5 |     6 |       |       |       ||    11
       Pizza             |       |     1 |       |     2 |       ||     3
       Meat ration       |       |     1 |     4 |     1 |       ||     6
       Beef jerky        |       |       |     1 |     4 |       ||     5
       Fruit             |       |       |       |     9 |     4 ||    13
